 Dungeon Crawl Stone Soup version 0.31.0-4-g52a2dc7128 (webtiles) character file.

Game seed: 14726570196612275822

62 Xavori the Trooper (level 4, 0/21 (31) HPs)
             Began as a Djinni Chaos Knight on Jan 22, 2024.
             Was a Plaything of Xom.
             Slain by a gnoll
             ... wielding a +0 halberd
              (7 damage)
             ... on level 3 of the Dungeon.
             The game lasted 00:02:03 (12436 turns).

Xavori the Trooper (Djinni Chaos Knight)           Turns: 12436, Time: 00:02:04

HP:   0/21 (31)     AC:  3    Str:  9      XL:     4   Next: 28%
Gold: 97            EV: 17    Int: 14      God:    Xom [*.....] SH:  0 Dex: 13 (14)

rFire   + + +        a - +0 falchion (chaos)
rCold   x . .        (no shield)
rNeg    . . .        b - +2 leather armour
rPois   ∞            (no helmet)
rElec   .            (no cloak)
rCorr   .            (no gloves)
SInv    .            (boots unavailable)
Will    .....        k - amulet of regeneration
Stlth   +++          h - ring of protection from fire
HPRegen 1.03/turn    n - +5 ring of evasion
MPRegen 0.00/turn

%: infuse magic (-1 HP)
@: flying, very heavily drained
A: sickness immunity, fire resistance 2, cold vulnerability 1, float, innate
caster, HP casting, extra vitality 1, thin skeletal structure 1, camouflage 1,
clumsy 1, deformed body, frail 1, mutation resistance 1, sense surroundings 1,
weak 1, MP-powered wands, sturdy frame 1
a: Renounce Religion


You were on level 3 of the Dungeon.
You worshipped Xom.
You were a special plaything of Xom.
You visited 1 branch of the dungeon, and saw 3 of its levels.

You collected 97 gold pieces.

Inventory:

Hand Weapons
 a - a +0 falchion of chaos (weapon)
Armour
 b - a +2 leather armour (worn)
Jewellery
 h - a ring of protection from fire (left hand)
 k - an amulet of regeneration (around neck)
 m - a +4 ring of slaying
 n - a +5 ring of evasion (right hand)
Scrolls
 c - a scroll of butterflies
 f - 2 scrolls of enchant weapon {unknown}
 g - a scroll of vulnerability {unknown}
 j - a scroll of poison {unknown}
 l - a scroll of amnesia {unknown}
 p - a scroll of identify {unknown}
 q - a scroll of revelation {unknown}
Potions
 d - a potion of mutation {unknown}
 e - 3 potions of enlightenment {unknown}
 i - a potion of lignification {unknown}
 o - a potion of degeneration {unknown}
Miscellaneous
 r - a phial of floods


   Skills:
 + Level 3.4 Fighting
 + Level 3.3 Long Blades
 + Level 1.4 Armour
 + Level 2.5 Dodging
 * Level 0.5 Spellcasting
 * Level 0.5 Conjurations
 * Level 0.5 Hexes
 * Level 0.5 Summonings
 * Level 0.5 Necromancy
 * Level 0.5 Translocations
 * Level 0.5 Fire Magic
 * Level 0.5 Ice Magic
 * Level 0.5 Air Magic
 * Level 0.5 Earth Magic
 * Level 0.5 Alchemy


You knew the following spells:

 Your Spells              Type           Power      Damage    Failure   Level
a - Shock                 Conj/Air       4%         1d3       24%         1
Your spell library was empty.

Dungeon Overview and Level Annotations

Branches:
Dungeon (3/15)

Altars:


Innate Abilities, Weirdness & Mutations

You are immune to sickness and miasma.
You are immune to poison.
Your flesh is very heat resistant. (rF++)
You are vulnerable to cold. (rC-)
You float through the air rather than walking.
You learn spells naturally, not from books.
Your magical power is your life essence.
You have superior vitality. (+4 MHP)
You have a somewhat thin skeletal structure. (Dex +2, Stealth+)
Your skin changes colour to match your surroundings (Stealth+).
You are clumsy. (Dex -2)
Armour fits poorly on your strangely shaped body.
You are frail. (-10% HP)
You are somewhat resistant to further mutation.
You passively map a small area around you.
You are weak. (Str -2)
You expend health (3 HP) to strengthen your wands.
Your movements are slightly less encumbered by armour. (ER -2)


Message History

The ogre is lightly wounded.
You hear a shout! x2
The ogre barely misses you.
A kobold comes into view. It is wielding a +0 whip.
You hear a shout!
You hear a loud squeak.
You barely miss the ogre.
The ogre is lightly wounded.
The ogre completely misses you.
You barely miss the ogre.
The ogre is lightly wounded.
You hit the ogre but do no damage.
The ogre is lightly wounded.
The ogre hits you with a +0 giant spiked club.
* * * LOW HITPOINT WARNING * * *
You hit the ogre.
The ogre flies into a frenzy!
The ogre is moderately wounded.
The ogre hits the rat with a +0 giant spiked club!!
The rat dies!
Unknown command.
A gnoll comes into view. It is wielding a +0 halberd.
The ogre completely misses you.
The gnoll closely misses you. 2 gnolls come into view.
The gnoll completely misses you.
Something barely misses the ogre.
The ogre hits something with a +0 giant spiked club!!
You feel a bit more experienced.
The gnoll moves out of view.
You hit the gnoll.
The gnoll is moderately wounded.
The gnoll barely misses you.
You hit the gnoll. You burn the gnoll.
The gnoll is heavily wounded.
The gnoll misses you. x2
Found a stone staircase leading down.
The ogre attacks as it pursues you! The ogre misses you.
The gnoll completely misses you.
The ogre barely misses the gnoll.
The gnoll attacks as it pursues you! The gnoll hits you with a +0 whip!
* * * LOW HITPOINT WARNING * * *
The gnoll barely misses you.
The ogre barely misses the gnoll.
The gnoll hits you from afar with a +0 halberd!
You die...

#......†........r, ,
,
,...........K.....,,
* #...............r
#.......†.r####. *##
* #........<..##*
... ..#########.O##
.. .
,,...g...gg.#.#... *
###.####........ , *
, #@#...... , ,
#.#...... , , , ,##.
..... ,,, , #......
, , * * * ,*###... ,
>.. * 8 , * , ,


You could see 2 gnolls, a rat and a neutral ogre (fast, strong, frenzied,
distracted).

Vanquished Creatures
  3 adders
  A ribbon worm (D:2)
  2 endoplasms
  4 giant cockroaches (D:1)
  3 hobgoblins
  4 kobolds
  A ball python (D:3)
  3 bats (D:2)
  3 frilled lizards (D:2)
  4 goblins
  3 rats
31 creatures vanquished.

Vanquished Creatures (collateral kills)
  A kobold (D:3)
  A rat (D:3)
2 creatures vanquished.

Grand Total: 33 creatures vanquished

Notes
Turn   | Place    | Note
-------+----------+-------------------------------------------
     0 | D:1      | Xavori the Djinni Chaos Knight began the quest for the Orb.
     0 | D:1      | Reached XP level 1. HP: 20/20 MP: 0/0
    92 | D:1      | Reached XP level 2. HP: 25/25 MP: 0/0
   229 | D:1      | XOM: divination: detect creatures
   302 | D:1      | XOM: smoke on damage
   305 | D:1      | Reached XP level 3. HP: 26/30 MP: 0/0
   305 | D:1      | Learned a level 1 spell: Shock
   806 | D:1      | XOM: scenery: summon butterflies
  1339 | D:1      | XOM: cloud trail
  1508 | D:1      | XOM: divination: magic mapping
  2188 | D:1      | XOM: summons 1 hostile demon
  2385 | D:2      | XOM: 1-stop teleportation journey
  2635 | D:2      | XOM: god gift: +3 scale mail of willpower
  2638 | D:2      | XOM: 5-stop teleportation journey
  2741 | D:2      | Reached XP level 4. HP: 35/35 MP: 0/0
  2939 | D:2      | XOM: scenery: summon butterflies
  3050 | D:2      | XOM: god gift: phial of floods
  3585 | D:1      | XOM is BORED!
  3585 | D:1      | XOM: noise
  3725 | D:1      | XOM: divination: detect items
  3875 | D:1      | XOM is BORED!
  3875 | D:1      | XOM: summons 3 hostile demons
  3876 | D:1      | Noticed a chaos spawn
  4210 | D:1      | XOM is BORED!
  4210 | D:1      | XOM: summons 3 hostile demons
  4334 | D:2      | XOM: stat loss: -1 Dex (13/14)
  5331 | D:1      | XOM: torment (19/35 hp)
  5376 | D:1      | XOM: give mutations
  5376 | D:1      | Gained mutation: Your body sometimes deteriorates upon
                  | taking damage. [Xom's mischief]
  5376 | D:1      | Lost mutation: Your body sometimes deteriorates upon taking
                  | damage. [Xom's mischief]
  5376 | D:1      | Gained mutation: You are frail. (-10% HP) [Xom's mischief]
  6214 | D:1      | XOM: give mutations
  6214 | D:1      | Gained mutation: Armour fits poorly on your strangely
                  | shaped body. [Xom's mischief]
  6214 | D:1      | Gained mutation: You are clumsy. (Dex -2) [Xom's mischief]
  6351 | D:1      | XOM is BORED!
  6708 | D:1      | XOM: silly message
  8198 | D:1      | XOM: give mutations
  8198 | D:1      | Gained mutation: Your movements are slightly less
                  | encumbered by armour. (ER -2) [Xom's grace]
  8198 | D:1      | Gained mutation: You have a pair of small antennae on your
                  | head. [Xom's grace]
  8317 | D:1      | XOM: give mutations
  8317 | D:1      | Lost mutation: You have a pair of small antennae on your
                  | head. [Xom's mischief]
  8317 | D:1      | Gained mutation: You are weak. (Str -2) [Xom's mischief]
  8317 | D:1      | Gained mutation: You passively map a small area around you.
                  | [Xom's mischief]
  9477 | D:1      | XOM: draining
  9587 | D:1      | XOM: give mutation
  9587 | D:1      | Gained mutation: Your skin changes colour to match your
                  | surroundings (Stealth+). [Xom's grace]
 10019 | D:1      | XOM: divination: magic mapping
 10082 | D:1      | XOM is BORED!
 10082 | D:1      | XOM: draining
 10219 | D:1      | XOM: god gift: scroll labelled JISTRO VUATOENU {god gift}
 10318 | D:1      | XOM: cloud trail
 10984 | D:1      | Glimpsed the power of Zot.
 11816 | D:2      | XOM: divination: magic mapping
 12083 | D:2      | XOM: god gift: scroll labelled ALEVVE ITEBUTE {god gift}
 12096 | D:2      | XOM: give mutations
 12096 | D:2      | Gained mutation: You are somewhat resistant to further
                  | mutation. [Xom's grace]
 12096 | D:2      | Gained mutation: You expend health (3 HP) to strengthen
                  | your wands. [Xom's grace]
 12099 | D:2      | XOM: give mutations
 12099 | D:2      | Gained mutation: You have a somewhat thin skeletal
                  | structure. (Dex +2, Stealth+) [Xom's grace]
 12410 | D:3      | Noticed an ogre
 12421 | D:3      | XOM: enchant monster (good)
 12436 | D:3      | Slain by a gnoll

Illustrated notes

Levels and vault maps discovered:
D:1:      kennysheep_arrival_forest, layout_loops_ring,
          nicolae_figureground_sparkle
D:2:      layout_loops_ring, skrybe_limestone_x
D:3:      layout_rooms, mainiacjoe_overflow_chevrons,
          hellmonk_ecumenical_altar_crossroads,
          nicolae_concentric_dashed_squares_wild

Skill      XL: |  1  2 |
---------------+-------+-----
Long Blades    | 3 |  3.3
Fighting       | |  3.4
Armour         | |  1.4
Dodging        | |  2.5
Spellcasting   | |  0.5
Conjurations   | |  0.5
Hexes          | |  0.5
Summonings     | |  0.5
Necromancy     | |  0.5
Translocations | |  0.5
Fire Magic     | |  0.5
Ice Magic      | |  0.5
Air Magic      | |  0.5
Earth Magic    | |  0.5
Alchemy        | |  0.5

Action                     |  1- 3 |  4- 6 || total
---------------------------+-------+-------++-------
  Melee: Falchion          |    81 |    27 ||   108
         Punch             |     2 |       ||     2
    Use: Scroll            |       |     1 ||     1
   Stab: Petrified         |     1 |       ||     1
 Armour: Leather armour    |    34 |     9 ||    43
  Dodge: Dodged            |    72 |    35 ||   107
